 Dungeon Crawl Stone Soup version 0.29.1-2-gbd0b4ee654 (webtiles) character file.

Game seed: 598517151994146882

366 Godmorgon the Trooper (level 7, -8/54 HPs)
             Began as a Formicid Abyssal Knight on Oct 27, 2022.
             Was an Elder of Lugonu.
             Mangled by KittyFluff's ghost (10 damage)
             ... on level 3 of the Dungeon.
             The game lasted 00:14:19 (3278 turns).

Godmorgon the Trooper (Formicid Abyssal Knight)     Turns: 3278, Time: 00:14:20

Health: -8/54      AC:  8    Str: 20      XL:     7   Next: 1%
Magic:  8/10       EV:  7    Int:  9      God:    Lugonu [****..]
Gold:   124        SH:  0    Dex: 12 (14) Spells: 6/6 levels left

rFire   . . .      SeeInvis +   a - +2 flail (distort)
rCold   . . .      Faith    .   (no shield)
rNeg    . . .      Spirit   .   u - +0 chain mail
rPois   .          Reflect  .   (helmet unavailable)
rElec   .          Harm     .   (no cloak)
rCorr   .          Rampage  .   (no gloves)
Will    .....                   (no boots)
Stlth   ..........              (no amulet)
HPRegen 0.18/turn               (no ring)
MPRegen 0.12/turn               (no ring)

@: flying
A: permanent stasis, dig shafts and tunnels, antennae 3, four strong arms
a: Dig, Shaft Self, Renounce Religion, Depart the Abyss, Bend Space, Banish,
Corrupt


You were on level 3 of the Dungeon.
You worshipped Lugonu.
Lugonu was greatly pleased with you.
You visited 1 branch of the dungeon, and saw 3 of its levels.
You visited the Abyss 1 time.

You collected 124 gold pieces.

Inventory:

Hand Weapons
 a - a +2 flail of distortion (weapon)
 b - a +2 sling of flaming
 n - the +6 rapier "Mesyd" {vamp, rF+}
   (You found it on level 3 of the Dungeon)

   It occasionally heals its wielder for a portion of the damage dealt when it
   wounds a living foe.
   rF:        It protects you from fire.
Missiles
 d - 17 stones (quivered)
 t - 9 poisoned darts
Armour
 r - a +0 tower shield
 u - a +0 chain mail (worn)
Jewellery
 w - an amulet of regeneration
Wands
 m - a wand of roots (3)
Scrolls
 c - a scroll of enchant armour {unknown}
 e - a scroll of brand weapon {unknown}
 f - 4 scrolls of torment {unknown}
 h - a scroll of poison {unknown}
 i - 3 scrolls of identify {unknown}
 l - 2 scrolls of fear {unknown}
 o - a scroll of noise {unknown}
 q - 3 scrolls of teleportation {unknown}
 s - a scroll of summoning
Potions
 g - a potion of lignification {unknown}
 j - 3 potions of flight
 k - a potion of magic {unknown}
 p - 3 potions of attraction {unknown}
 v - 2 potions of degeneration {unknown}


   Skills:
 + Level 4.3 Fighting
 * Level 4.1 Maces & Flails
 * Level 3.6 Throwing
 - Level 2.1 Armour
 - Level 0.8 Dodging
 + Level 4.0 Invocations


You had 6 spell levels left.
You didn't know any spells.
Your spell library was empty.

Dungeon Overview and Level Annotations

Branches:
Dungeon (3/15)

Altars:
Kikubaaqudgha

Annotations:
D:3 1 transporter, KittyFluff's ghost, weakling GrBe


Innate Abilities, Weirdness & Mutations

You cannot be hasted, slowed, berserked, paralysed or teleported.
You can dig through walls and to a lower floor.
You have a pair of large antennae on your head. (SInv)
Your four strong arms can wield two-handed weapons with a shield.


Message History

The quasit barely misses you.
The quasit claws you but does no damage.
The quasit bites you but does no damage.
The quasit completely misses you.
The quasit claws you but does no damage.
You closely miss the quasit.
The quasit bites you but does no damage.
The quasit claws you but does no damage.
The quasit closely misses you. KittyFluff's ghost hits you.
Press: ? - help, v - describe, . - travel, g - get item Item here: a blackened fluorescent amulet.
The floor.
Unknown command.
KittyFluff's ghost barely misses you. The quasit bites you.
The quasit claws you but does no damage. x2
You see here an amulet of regeneration.
w - an amulet of regeneration The quasit barely misses you.
The quasit claws you but does no damage. x2
KittyFluff's ghost hits you!
* * * LOW HITPOINT WARNING * * *
You fail to use your ability.
The quasit closely misses you.
The quasit claws you but does no damage. x2
KittyFluff's ghost hits you but does no damage.
Okay, then.
It was a potion of flight.
You feel very buoyant.
You fly up into the air.
The quasit bites you.
* * * LOW HITPOINT WARNING * * *
You feel clumsy. The quasit barely misses you.
The quasit claws you but does no damage.
KittyFluff's ghost barely misses you.
The quasit bites you but does no damage.
The quasit claws you but does no damage. x2
KittyFluff's ghost hits you!
* * * LOW HITPOINT WARNING * * *
KittyFluff's ghost attacks as you move away!
KittyFluff's ghost hits you!
You die...

....##..### #.#######.###
#..######<# #####.#######.#..
#########.# #..........##.#.#
..##......# #..........##.#.#
#.##......#######..........##.#..
#..'......#))).............##.#..
####........####.©.####.......#.#
#.......##..#####..###..###..#
####.......#....@5$..#..##.# #.##
..##......##.##..W###....#.###.<.
..##......#.....#?....#.##.....##
.)......#.#©.##..©..#.W.#...####
..#####.#.#......#?.##..#...# ###
#.#.##...#...#....#..##
#.#..#....#......##..#
#.##.#####..###.##...#
#........####©###...##


You could see a quasit and KittyFluff's ghost.

Vanquished Creatures
  Sigmund (D:3)
  A quasit (D:3)
  3 gnolls (D:3)
  6 adders
  2 worms
  3 dart slugs
  6 orcs (D:3)
  8 bats
  5 endoplasms
  3 giant cockroaches
  8 goblins
  5 hobgoblins
  5 quokkas
  13 ball pythons
  7 frilled lizards
  6 kobolds
  6 rats
88 creatures vanquished.

Vanquished Creatures (others)
  14 withered plants (D:3)
14 creatures vanquished.

Grand Total: 102 creatures vanquished

Notes
Turn   | Place    | Note
-------+----------+-------------------------------------------
     0 | Abyss:1  | Godmorgon the Formicid Abyssal Knight began the quest for
                  | the Orb.
     0 | Abyss:1  | Reached XP level 1. HP: 18/18 MP: 2/2
     1 | D:1      | Escaped the Abyss
   137 | D:1      | Reached XP level 2. HP: 15/24 MP: 3/3
   290 | D:1      | Reached skill level 1 in Throwing
   672 | D:1      | Reached XP level 3. HP: 23/29 MP: 4/4
  1072 | D:2      | Reached *** piety under Lugonu
  1302 | D:2      | Found a faded altar of an unknown god.
  1303 | D:2      | Noticed a floating eye
  1305 | D:2      | Noticed an eye of devastation
  1305 | D:2      | Noticed a golden eye
  1305 | D:2      | Noticed a shining eye
  1317 | D:2      | Reached XP level 4. HP: 30/36 MP: 6/6
  2342 | D:3      | Found a transporter.
  2343 | D:3      | Noticed KittyFluff's ghost (weakling GrBe)
  2368 | D:3      | Reached XP level 5. HP: 38/42 MP: 7/7
  2487 | D:3      | Identified the +6 rapier "Mesyd" {vamp, rF+}
  2519 | D:3      | Noticed Sigmund
  2527 | D:3      | Killed Sigmund
  2528 | D:3      | Reached XP level 6. HP: 42/48 MP: 8/8
  2636 | D:3      | Found a transporter.
  2810 | D:3      | Found an ancient bone altar of Kikubaaqudgha.
  3075 | D:3      | Reached **** piety under Lugonu
  3271 | D:3      | Reached XP level 7. HP: 23/54 MP: 8/10
  3277 | D:3      | HP: 2/54 [KittyFluff's ghost (7)]
  3278 | D:3      | Mangled by KittyFluff's ghost

Illustrated notes

Levels and vault maps discovered:
D:1:      matt_arrival_diagonals, layout_rooms, chequers_serial_rivers_micro_a
D:2:      layout_basic, hellmonk_ecumenical_altar_watching_god
D:3:      minmay_bubble_buster, layout_basic, kiku_gazebo_garden_becter,
          gammafunk_ghost_stat_death, minmay_quantized, uniq_sigmund

Skill      XL: |  1  2  3  4  5  6 |
---------------+-------------------+-----
Throwing       | 1 2 3 |  3.6
Invocations    | 3 4 |  4.0
Maces & Flails | 3 4 |  4.1
Fighting       | 4 |  4.3
Armour         | |  2.1
Dodging        | |  0.8

Action                   |  1- 3 |  4- 6 |  7- 9 || total
-------------------------+-------+-------+-------++-------
Melee: Mace              |   104 |     5 |       ||   109
       Punch             |     2 |     1 |       ||     3
       Dagger            |       |    63 |       ||    63
       Rapier            |       |    20 |       ||    20
       Flail             |       |    59 |     2 ||    61
 Fire: Sling             |       |    28 |       ||    28
Throw: Dart              |       |     8 |       ||     8
  Use: Potion            |       |       |     1 ||     1
Armor: Leather armour    |    36 |    26 |       ||    62
       Chain mail        |       |    82 |    17 ||    99
Dodge: Dodged            |    94 |    83 |     8 ||   185
